 Dungeon Crawl Stone Soup version 0.19.5 (webtiles) character file.

314 Rrauwl the Firebug (level 6, -1/51 HPs)
             Began as a Hill Orc Fire Elementalist on Mar 5, 2017.
             Slain by flsc's ghost (14 damage)
             ... on level 4 of the Dungeon.
             The game lasted 00:23:42 (3811 turns).

Rrauwl the Firebug (Hill Orc Fire Elementalist)     Turns: 3811, Time: 00:23:43

Health: -1/51      AC:  5    Str: 11      XL:     6   Next: 43%
Magic:  3/9        EV: 12    Int: 19 (21) God:
Gold:   199        SH:  0    Dex: 12      Spells: 1 memorised, 8 levels left

rFire  . . .     SeeInvis .     m - +0 hand axe
rCold  . . .     Gourm    .     a - +0 robe
rNeg   . . .     Faith    .     (no shield)
rPois  .         Spirit   .     (no helmet)
rElec  .         Reflect  .     (no cloak)
rCorr  .         Harm     +     r - +0 pair of gloves
MR     +....                    d - +1 pair of boots
Stlth  ++........               u - amulet of harm
                                (no ring)
                                e - ring of protection from magic

@: brilliant, about to teleport
A: no striking features
a: no special abilities


You were on level 4 of the Dungeon.
You were not hungry.

You visited 1 branch of the dungeon, and saw 4 of its levels.

You collected 199 gold pieces.

Inventory:

Hand Weapons
 m - a +0 hand axe (weapon)
 x - a +2 mace of crushing
Missiles
 p - 8 tomahawks (quivered)
Armour
 a - a +0 robe (worn)
 d - a +1 pair of boots (worn)
 r - a +0 pair of gloves (worn)
Jewellery
 e - a ring of protection from magic (left hand)
 u - an amulet of harm (around neck)
Scrolls
 l - a scroll of enchant armour
 n - 2 scrolls of identify
 q - a scroll of remove curse
Potions
 o - 3 potions of curing
Books
 b - a book of Flames

   Spells                             Type                      Level
   a - Flame Tongue                   Conjuration/Fire             1
   b - Throw Flame                    Conjuration/Fire             2
   c - Conjure Flame                  Conjuration/Fire             3
   d - Inner Flame                    Hexes/Fire                   3
   e - Sticky Flame                   Conjuration/Fire             4
   f - Fireball                       Conjuration/Fire             5
Comestibles
 c - 3 bread rations
 f - a slice of pizza
 g - 3 fruits
 k - a meat ration


   Skills:
 + Level 3.2 Fighting
 + Level 2.0 Axes
 - Level 1.2 Throwing
 - Level 2.1 Armour
 - Level 2.0 Dodging
 - Level 1.5 Stealth
 - Level 2.0 Spellcasting
 + Level 3.1 Conjurations
 - Level 4.0 Fire Magic


You had 8 spell levels left.
You knew the following spells:

 Your Spells              Type           Power        Failure   Level  Hunger
a - Flame Tongue          Conj/Fire      ####.        1%          1    #......


Dungeon Overview and Level Annotations

Branches:
Dungeon (4/15)             Temple (0/1) D:4

Altars:
Makhleb
Xom

Annotations:
D:4 flsc's ghost, amateur MiFi


Message History

Flsc's ghost barely misses you.
Casting: Flame Tongue
Confirm with . or Enter, or press ? or * to list all spells.
Aiming: Flame Tongue
Press: ? - help, Shift-Dir - straight line, f/p - flsc's ghost
Aim: flsc's ghost (lightly damaged)
The flame tongue hits flsc's ghost.
Flsc's ghost is moderately damaged.
Flsc's ghost hits you!
* * * LOW HITPOINT WARNING * * *
Flsc's ghost closely misses you.
Found a staircase to the Ecumenical Temple.
Flsc's ghost hits you.
* * * LOW HITPOINT WARNING * * *
Found a potion of curing.
Found a dyed leather armour.
Flsc's ghost says, "I'll split you in two!"
As you read the scroll of teleportation, it crumbles to dust.
You feel strangely unstable. Flsc's ghost hits you!
You die...

##############
#.[..........#######
#..!...............#
#.......≈≈≈≈≈......#
#..@W.≈≈≈≈≈≈≈≈≈....#
#...≈≈≈≈≈≈≈≈≈≈≈≈≈..#
#..≈≈≈≈≈≈...≈≈≈≈≈≈.#
#..≈≈≈≈≈≈.>.≈≈≈≈≈≈.#
#..≈≈≈≈≈≈...≈≈≈≈≈≈.#
...≈≈≈≈≈≈≈≈≈≈≈≈≈≈≈.#
.....≈≈≈≈≈≈≈≈≈≈≈≈≈..#
........≈≈≈≈≈≈≈≈≈....#
≈≈≈......#


You could see flsc's ghost.

Vanquished Creatures
  3 orc priests (D:3)
  Jessica (D:3)
  Ijyb (D:2)
  An orc wizard (D:3)
  5 adders (D:2)
  An ooze (D:2)
  A worm (D:3)
  A dart slug (D:1)
  3 leopard geckos
  15 orcs (D:3)
  3 ball pythons
  8 giant cockroaches
  2 goblins
  4 hobgoblins
  6 kobolds
  2 quokkas
  9 bats
  8 frilled lizards
  13 rats
87 creatures vanquished.

Notes
Turn   | Place    | Note
-------+----------+-------------------------------------------
     0 | D:1      | Rrauwl the Hill Orc Fire Elementalist began the quest for the Orb.
     0 | D:1      | Reached XP level 1. HP: 14/14 MP: 3/3
   348 | D:1      | Reached XP level 2. HP: 20/20 MP: 2/4
  1072 | D:2      | Reached XP level 3. HP: 23/27 MP: 0/5
  1333 | D:2      | Reached skill level 1 in Fighting
  1390 | D:2      | Found a burning altar of Makhleb.
  1442 | D:2      | Noticed Ijyb
  1466 | D:2      | Killed Ijyb
  1466 | D:2      | Reached skill level 1 in Armour
  1466 | D:2      | Reached XP level 4. HP: 34/35 MP: 0/7
  1596 | D:2      | Found a shimmering altar of Xom.
  1698 | D:2      | Reached skill level 4 in Fire Magic
  1861 | D:2      | Reached XP level 5. HP: 39/41 MP: 5/8
  2357 | D:3      | Reached skill level 1 in Axes
  2752 | D:3      | Noticed Jessica
  2775 | D:3      | Killed Jessica
  2775 | D:3      | Reached XP level 6. HP: 37/50 MP: 7/9
  2865 | D:3      | Reached skill level 1 in Throwing
  3069 | D:3      | Learned a level 1 spell: Flame Tongue
  3773 | D:4      | Noticed flsc's ghost (amateur MiFi)
  3796 | D:4      | Found a staircase to the Ecumenical Temple.
  3811 | D:4      | Slain by flsc's ghost

Skill      XL: |  1  2  3  4  5  6 |
---------------+-------------------+-----
Dodging        | 2 |  2.0
Fighting       | 1 2 3 |  3.2
Spellcasting   | 2 |  2.0
Conjurations   | 2 3 |  3.1
Armour         | 1 2 |  2.1
Fire Magic     | 4 |  4.0
Axes           | 1 2 |  2.0
Throwing       | 1 |  1.2
Stealth        | |  1.5

Action                   |  1- 3 |  4- 6 || total
-------------------------+-------+-------++-------
Melee: Unarmed           |   164 |    87 ||   251
       Hand axe          |       |   101 ||   101
Throw: Tomahawk          |       |     4 ||     4
 Cast: Flame Tongue      |    33 |    73 ||   106
  Use: Potion            |     2 |     5 ||     7
       Scroll            |       |     9 ||     9
 Stab: Sleeping          |     1 |     2 ||     3
  Eat: Chunk             |     3 |     9 ||    12
Armor: Robe              |    63 |    62 ||   125
       Skin              |       |    18 ||    18
Dodge: Dodged            |   145 |   145 ||   290
